 Dungeon Crawl Stone Soup version 0.23.0-41-g86b089e62c (webtiles) character file.

Game seed: 0

2765300 KapersCrawl the Merry Centaur (level 27, 273/273 HPs)
             Began as a Centaur Hunter on Feb 27, 2019.
             Was an Initiate of Gozag.
             Escaped with the Orb
             ... and 5 runes on Feb 28, 2019!
             The game lasted 05:42:51 (90330 turns).

KapersCrawl the Merry Centaur (Centaur Hunter)     Turns: 90330, Time: 05:42:51

Health: 273/273    AC: 52    Str: 16      XL:     27
Magic:  30/30      EV:  7    Int: 12 (14) God:    Gozag
Gold:   2257       SH:  0    Dex: 18 (19) Spells: 14/27 levels left

rFire    + . .     SeeInvis .   c - +7 longbow "Piercer" {penet, EV-2}
rCold    + . .     Gourm    +   (shield currently unavailable)
rNeg     + + +     Faith    .   Y - +8 plate armour of Sin {MP+9 Slay+5}
rPois    +         Spirit   .   f - +2 helmet of Heresy {rElec}
rElec    +         Reflect  .   b - +4 dragonskin cloak
rCorr    .         Harm     .   h - +2 pair of gloves {archery}
MR       +++..                  s - +4 centaur barding
Stlth    ..........             O - amulet "Duur" {Gourm rElec Int+4 Slay+4}
HPRegen  0.55/turn              q - ring "Sujun" {+Inv rF+ rN+ Slay+3 Stlth-}
MPRegen  0.22/turn              X - ring of Ujyilur {rN+ MR+ Dex+3 Stlth+}

@: hasted, studying Maces & Flails, very quick
A: large, hooves 3, blink, blurry vision 1, clumsy 1, deformed body, dopey 1,
speed 2, low mp 1, screaming 1, inhibited regeneration, tough skin 3, weak 1,
subdued magic 1
0: Orb of Zot
}: 5/15 runes: serpentine, barnacled, slimy, silver, abyssal
a: Blink, Potion Petition, Call Merchant, Bribe Branch, Renounce Religion, Evoke
Invisibility


You escaped.
You worshipped Gozag.
Gozag was most pleased with you.
You were not hungry.

You visited 11 branches of the dungeon, and saw 55 of its levels.
You visited the Abyss 2 times.
You visited 1 bazaar.
You visited 1 ziggurat, and saw 11 of its levels.
You also visited: Trove, Sewer and Ice Cave.

You collected 35267 gold pieces.
You spent 8672 gold pieces at shops.
You paid 24338 gold pieces to Gozag.

Inventory:

Hand Weapons
 c - the +7 longbow "Piercer" (weapon) {penet, EV-2}
   (You found it in a treasure trove)

   Ammo fired by it will pass through the targets it hits, potentially hitting
   all targets in its path until it reaches maximum range.
   It affects your evasion (-2).
Missiles
 m - 405 arrows (quivered)
 z - 7 throwing nets
Armour
 b - the +4 dragonskin cloak (worn)
   (You took it off Tiamat on level 5 of the Realm of Zot)
 f - the +2 helmet of Heresy (worn) {rElec}
   (You found it on level 2 of the Shoals)

   It insulates you from electricity.
 h - a +2 pair of gloves of archery (worn)
 s - a +4 centaur barding (worn)
 Y - the +8 plate armour of Sin (worn) {MP+9 Slay+5}
   (You found it on level 10 of the Dungeon)

   It affects your accuracy and damage with ranged weapons and melee attacks
   (+5).
   It affects your magic capacity (+9).
Jewellery
 a - the ring "Vusuaset" {rElec rPois rF+ rC+ SInv}
   (You bought it in a shop in a bazaar)

   [ring of protection from fire]

   It protects you from fire.
   It protects you from cold.
   It insulates you from electricity.
   It protects you from poison.
   It lets you see invisible.
 o - the amulet of the Four Winds {rN+ MR+++ Clar}
   (You bought it in a shop on level 4 of the Vaults)

   [amulet of nothing]

   It protects you from negative energy.
   It affects your resistance to hostile enchantments.
   It protects you against confusion.
 q - the ring "Sujun" (left hand) {+Inv rF+ rN+ Slay+3 Stlth-}
   (You bought it in a shop on level 6 of the Lair of Beasts)

   [ring of protection from fire]

   It affects your accuracy and damage with ranged weapons and melee attacks
   (+3).
   It protects you from fire.
   It protects you from negative energy.
   It lets you turn invisible.
   It makes you less stealthy.
 E - an uncursed ring of resist corrosion
 I - an uncursed ring of protection from cold
 O - the amulet "Duur" (around neck) {Gourm rElec Int+4 Slay+4}
   (You bought it in a shop on level 6 of the Lair of Beasts)

   [amulet of the gourmand]

   It allows you to eat raw meat even when not hungry.
   It affects your intelligence (+4).
   It affects your accuracy and damage with ranged weapons and melee attacks
   (+4).
   It insulates you from electricity.
 X - the ring of Ujyilur (right hand) {rN+ MR+ Dex+3 Stlth+}
   (You found it on level 9 of a ziggurat)

   [ring of positive energy]

   It affects your dexterity (+3).
   It protects you from negative energy.
   It affects your resistance to hostile enchantments.
   It makes you more stealthy.
Wands
 y - a wand of digging (9)
 R - a wand of clouds (8)
Scrolls
 d - 10 scrolls of blinking
 j - 3 scrolls of holy word
 k - 11 scrolls of identify
 t - 13 scrolls of teleportation
 x - 2 scrolls of enchant armour
 G - 10 scrolls of magic mapping
 J - 10 scrolls of fog
 P - 3 scrolls of silence
 T - 32 scrolls of remove curse
 V - 6 scrolls of fear
 W - a scroll of summoning
Potions
 g - 11 potions of cancellation
 n - 16 potions of curing
 u - 6 potions of magic
 v - 7 potions of invisibility
 w - 4 potions of ambrosia
 A - 5 potions of might
 B - 6 potions of agility
 C - 8 potions of heal wounds
 D - 3 potions of haste
 F - 5 potions of flight
 H - 9 potions of brilliance
 K - 11 potions of lignification
 L - 5 potions of resistance
 N - 10 potions of mutation
 U - 7 potions of berserk rage
Books
 l - a manual of Maces & Flails
Miscellaneous
 p - a sack of spiders
 r - a fan of gales
 M - a lamp of fire
 Q - a phantom mirror
 S - a lightning rod (4/4)
 Z - 2 boxes of beasts
Comestibles
 e - 42 rations


   Skills:
 O Level 27 Fighting
   Level 0.8 Slings
 O Level 27 Bows
 + Level 23.0 Armour
 * Level 12.6 Dodging
 - Level 0.4 Stealth
 + Level 9.0 Unarmed Combat
 - Level 0.9 Spellcasting
 - Level 7.5 Hexes
 - Level 5.4 Charms
 - Level 8.0 Necromancy
 - Level 5.0 Translocations
 - Level 8.2 Air Magic


You had 14 spell levels left.
You knew the following spells:

 Your Spells              Type           Power        Failure   Level  Hunger
a - Summon Small Mammal   Summ           #...         94%         1    ##.....
b - Portal Projectile     Hex/Tloc       ##....       47%         3    ####...
c - Regeneration          Chrm/Necr      ##........   41%         3    ####...
d - Deflect Missiles      Chrm/Air       ##........   100%        6    #######

Your spell library contained the following spells:

 Spells                   Type           Power        Failure   Level  Hunger
 Animate Skeleton         Necr           N/A          8%          1    ##.....
 Pain                     Necr           ###.         8%          1    ##.....
 Confusing Touch          Hex            ##....       10%         1    ##.....
 Corona                   Hex            ##.....      10%         1    ##.....
 Corpse Rot               Necr           N/A          13%         2    ###....
 Sublimation of Blood     Necr           ###.......   13%         2    ###....
 Slow                     Hex            ##......     16%         2    ###....
 Swiftness                Chrm/Air       ##......     21%         2    ###....
 Infusion                 Chrm           ##..         24%         1    ##.....
 Vampiric Draining        Necr           ###.......   26%         3    ####...
 Apportation              Tloc           #.....       30%         1    ##.....
 Confuse                  Hex            ##......     30%         3    ####...
 Tukima's Dance           Hex            ##......     30%         3    ####...
 Song of Slaying          Chrm           ##......     36%         2    ###....
 Shroud of Golubria       Chrm/Tloc      ##........   38%         2    ###....
 Blink                    Tloc           N/A          41%         2    ###....
 Spectral Weapon          Hex/Chrm       ##......     45%         3    ####...
 Poisonous Vapours        Pois/Air       #.....       54%         2    ###....
 Ensorcelled Hibernation  Hex/Ice        #.....       58%         2    ###....
 Airstrike                Air            ###.......   61%         4    #####..
 Animate Dead             Necr           N/A          65%         4    #####..
 Gell's Gravitas          Tloc           #.........   67%         3    ####...
 Lesser Beckoning         Tloc           #.........   67%         3    ####...
 Cause Fear               Hex            ##........   71%         4    #####..
 Dazzling Spray           Conj/Hex       #.....       83%         3    ####...
 Inner Flame              Hex/Fire       #.......     83%         3    ####...
 Summon Guardian Golem    Hex/Summ       #.......     83%         3    ####...
 Mephitic Cloud           Conj/Pois/Air  #.......     93%         3    ####...
 Ozocubu's Armour         Chrm/Ice       #.......     93%         3    ####...
 Flame Tongue             Conj/Fire      #....        94%         1    ##.....
 Freeze                   Ice            #...         94%         1    ##.....
 Magic Dart               Conj           #...         94%         1    ##.....
 Sandblast                Erth           #.....       94%         1    ##.....
 Sting                    Conj/Pois      #...         94%         1    ##.....
 Summon Butterflies       Summ           #.......     94%         1    ##.....
 Dispel Undead            Necr           ###.....     94%         5    ######.
 Silence                  Hex/Air        ###.......   95%         5    ######.
 Call Imp                 Summ           #.......     98%         2    ###....
 Passwall                 Tmut/Erth      #.......     98%         2    ###....
 Searing Ray              Conj           #.....       98%         2    ###....
 Throw Flame              Conj/Fire      #.....       98%         2    ###....
 Throw Frost              Conj/Ice       #.....       98%         2    ###....
 Fulminant Prism          Conj/Hex       #.........   99%         4    #####..
 Leda's Liquefaction      Hex/Erth       #.........   99%         4    #####..
 Summon Lightning Spire   Summ/Air       #.......     99%         4    #####..
 Excruciating Wounds      Chrm/Necr      ##........   99%         5    ######.
 Call Canine Familiar     Summ           #.......     100%        3    ####...
 Conjure Flame            Conj/Fire      #.......     100%        3    ####...
 Ignite Poison            Fire/Tmut/Pois #.......     100%        3    ####...
 Spider Form              Tmut/Pois      #.........   100%        3    ####...
 Stone Arrow              Conj/Erth      #.....       100%        3    ####...
 Force Lance              Conj/Tloc      #.......     100%        4    #####..
 Ice Form                 Ice/Tmut       #.......     100%        4    #####..
 Olgreb's Toxic Radiance  Pois           #.......     100%        4    #####..
 Petrify                  Tmut/Erth      #.......     100%        4    #####..
 Sticky Flame             Conj/Fire      #.......     100%        4    #####..
 Summon Ice Beast         Ice/Summ       #.......     100%        4    #####..
 Throw Icicle             Conj/Ice       #.......     100%        4    #####..
 Alistair's Intoxication  Tmut/Pois      #.......     100%        5    ######.
 Bolt of Draining         Conj/Necr      #.........   100%        5    ######.
 Fireball                 Conj/Fire      #.........   100%        5    ######.
 Irradiate                Conj/Tmut      #.........   100%        5    ######.
 Iskenderun's Battlesphe  Conj/Chrm      #.......     100%        5    ######.
 Lee's Rapid Deconstruct  Erth           #.........   100%        5    ######.
 Metabolic Englaciation   Hex/Ice        #.........   100%        5    ######.
 Summon Forest            Summ/Tloc      #.........   100%        5    ######.
 Summon Mana Viper        Hex/Summ       #.......     100%        5    ######.
 Venom Bolt               Conj/Pois      #.........   100%        5    ######.
 Yara's Violent Unravell  Hex/Tmut       #.........   100%        5    ######.
 Bolt of Cold             Conj/Ice       #.........   100%        6    #######
 Bolt of Fire             Conj/Fire      #.........   100%        6    #######
 Conjure Ball Lightning   Conj/Air       #.........   100%        6    #######
 Dispersal                Tloc           #.........   100%        6    #######
 Freezing Cloud           Conj/Ice/Air   #.........   100%        6    #######
 Hydra Form               Tmut           #.........   100%        6    #######
 Invisibility             Hex            ##......     100%        6    #######
 Iron Shot                Conj/Erth      #.........   100%        6    #######
 Ozocubu's Refrigeration  Ice            #.........   100%        6    #######
 Poison Arrow             Conj/Pois      #.........   100%        6    #######
 Simulacrum               Ice/Necr       #.........   100%        6    #######
 Statue Form              Tmut/Erth      #........    100%        6    #######
 Dragon Form              Tmut           #.........   100%        7    #######
 Haunt                    Necr/Summ      #.........   100%        7    #######
 Malign Gateway           Summ/Tloc      #.........   100%        7    #######
 Monstrous Menagerie      Summ           #.........   100%        7    #######
 Ring of Flames           Chrm/Fire      #.........   100%        7    #######
 Summon Greater Demon     Summ           #.........   100%        7    #######
 Summon Hydra             Summ           #.........   100%        7    #######
 Borgnjor's Revivificati  Necr           ###.......   100%        8    #######
 Chain Lightning          Conj/Air       #.........   100%        8    #######
 Controlled Blink         Tloc           N/A          100%        8    #######
 Death's Door             Chrm/Necr      ##........   100%        8    #######
 Disjunction              Tloc           #.........   100%        8    #######
 Ignition                 Fire           #.........   100%        8    #######
 Infestation              Necr           ###.......   100%        8    #######
 Lehudib's Crystal Spear  Conj/Erth      #.........   100%        8    #######
 Necromutation            Tmut/Necr      #.........   100%        8    #######
 Summon Horrible Things   Summ           #.........   100%        8    #######
 Dragon's Call            Summ           #.........   100%        9    #######
 Fire Storm               Conj/Fire      #.........   100%        9    #######
 Glaciate                 Conj/Ice       #.........   100%        9    #######
 Tornado                  Air            ###.......   100%        9    #######


Dungeon Overview and Level Annotations

Branches:
Dungeon (15/15)            Temple (1/1) D:4            Lair (6/6) D:11
 Shoals (4/4) Lair:4        Snake (4/4) Lair:2        Slime (5/5) Lair:6
    Orc (2/2) D:12            Elf (3/3) Orc:2        Vaults (5/5) D:14
  Crypt (0/3) Vaults:3     Depths (5/5) D:15            Zot (5/5) Depths:5

Altars:
Ashenzari
Cheibriados
Dithmenos
Elyvilon
Fedhas
Gozag
Hepliaklqana
Kikubaaqudgha
Makhleb
Nemelex Xobeh
Okawaru
Qazlal
Ru
Sif Muna
Trog
Uskayaw
Vehumet
Wu Jian
Xom
Yredelemnul
Zin
The Shining One
Jiyva

Shops:
D:4 =!   D:7 !   D:10 (   Orc:1 [}[}   Orc:2 *=!([   Elf:1 :*%(   Elf:2 ?
Lair:6 =   Shoals:4 (   Snake:4 ([   Vaults:2 *   Vaults:3 =[   Vaults:4 =[
Depths:1 =[*   Depths:3 ?

Portals:
Hell: Depths:1 Depths:2 Depths:3 Depths:4 Depths:5
Abyss: Depths:1 Depths:2 Depths:3 Depths:4 Depths:5
Pandemonium: Depths:3

Annotations:
D:4 exclusion: downstairs
D:8 3 exclusions
D:9 exclusion: downstairs


Innate Abilities, Weirdness & Mutations

You have hooves in place of feet.
Armour fits poorly on your strangely shaped body.
You cover ground very quickly.
You have extremely tough skin. (AC +3)
You can translocate small distances at will.
Scrolls take you a little longer to read.
You are clumsy. (Dex -2)
You are dopey. (Int -2)
Your magical capacity is low. (-10% MP)
You occasionally shout uncontrollably at your foes.
You do not regenerate when monsters are visible.
You are weak. (Str -2)
Your spells are a little easier to cast, but a little less powerful.


Message History

You see here a dagger.
There is a stone staircase leading up here.
You climb upwards.
There is a stone staircase leading down here.
A pandemonium lord and an ancient lich come into view.
You feel yourself speed up.
Evoke which item? (* to show all) (? for menu, Esc to quit)
Aiming: Dig
Press: ? - help, Shift-Dir - straight line A rock wall.
This square is covered in magical glow.
The rock shatters into small pieces.
Evoke which item? (* to show all) (? for menu, Esc to quit)
Aiming: Dig
Press: ? - help, Shift-Dir - straight line A rock wall.
This square is covered in magical glow.
The rock shatters into small pieces.
There is a staircase leading out of the dungeon here.
You have escaped!

#......#.##.#..# ##..#####.#
#.#.##.#.##.##.## ##.......#
#.#.........###.#######.####
#.####.#.##.# #..##.#....##.
###.####.#....# ##......####.#
####........###..#######.###.###.
.....#.###### #.###..##..##.## ##
####...# ###.......###..###.
#####.##########@.##...##.....#.#
......................##.......##
##..#.#.#######....###.#.##.#..#
##....#..................##.#..##
.#..###....................)#....
.#.......................##...###
.#......#######....###.#......#
....##..# #........####...###
.#####..# #...#######........


There were no monsters in sight!

Vanquished Creatures
  the Royal Jelly (Slime:5)
  2 ancient liches (Zot:5)
  Tiamat (Zot:5)
  9 orbs of fire
  3 juggernauts
  Mara (Shoals:3)
  5 Killer Klowns
  Saint Roka (Orc:2)
  2 curse toes
  A caustic shrike (Depths:2)
  The ghost of Dacon the Minotaur Blade, an adept MiGl of Gozag (Vaults:1)
  The ghost of P0WERM0DE the Struggler, a veteran GrFi of Okawaru (Depths:3)
  15 golden dragons
  A profane servitor (Abyss:5)
  2 bone dragons
  Jory (Depths:5)
  A pandemonium lord (Zig:1)
  The ghost of D1HalberdGnoll the Slayer, an adept GrFi of the Shining One (Vaults:4)
  4 electric golems
  20 Orb Guardians
  19 tentacled monstrosities
  A Hell Sentinel (Zot:2)
  3 deep elf blademasters
  13 quicksilver dragons
  2 titans
  6 liches
  2 deep elf master archers (Elf:3)
  21 acid blobs
  8 death cobs
  8 tentacled starspawn
  An Executioner (Abyss:3)
  A shadow dragon (shapeshifter) (Zig:9)
  7 sphinxes
  4 tengu reavers
  10 shadow dragons
  Ilsuiw (Shoals:3)
  A thorn hunter (Zig:10)
  Donald (Vaults:2)
  An azure jelly (shapeshifter) (Zig:9)
  Kirke (Lair:5)
  16 storm dragons
  8 nagarajas
  9 azure jellies (Slime:5)
  8 draconian monks
  A daeva (Zig:11)
  6 deep elf sorcerers
  10 fire giants
  6 frost giants
  12 vault wardens
  A fire giant (shapeshifter) (Zig:9)
  3 balrugs
  9 draconian knights
  4 draconian scorchers
  3 ghost moths
  8 draconian shifters
  Aizul (Snake:2)
  2 orc warlords
  4 draconian stormcallers
  16 ironheart preservers
  2 cacodemons (Vaults:1)
  3 deep elf elementalists (Elf:3)
  7 draconian annihilators
  4 spriggan defenders
  24 stone giants
  5 reapers
  A war gargoyle (Vaults:4)
  5 entropy weavers
  9 black draconians
  25 very ugly things
  8 deep elf demonologists
  3 green draconians
  15 red draconians
  6 vampire knights
  A minotaur (shapeshifter) (D:15)
  11 deep elf annihilators
  A dire elephant (shapeshifter) (Zig:9)
  Azrael (Snake:3)
  14 spark wasps
  22 purple draconians
  11 yellow draconians
  A lorocyproca (Abyss:4)
  9 white draconians
  2 eidola
  17 ettins
  8 death oozes (Slime:5)
  4 merfolk javelineers
  A blizzard demon (IceCv)
  8 fire dragons
  8 deep elf death magi
  2 green deaths (Zig:10)
  13 merfolk impalers
  12 yaktaur captains
  Josephine (Lair:4)
  Fannar (D:10)
  14 great orbs of eyes
  30 vault guards
  7 ice dragons
  2 ghost crabs (Zig:10)
  Harold (D:8)
  5 deep elf high priests
  11 hydras
  16 naga warriors
  2 hell beasts (Depths:3)
  10 rakshasas
  6 anacondas
  13 centaur warriors
  An anaconda (shapeshifter) (Vaults:5)
  5 satyrs
  3 spriggan air magi
  12 ogre magi
  2 merfolk aquamancers
  3 merfolk avatars
  2 death knights
  26 two-headed ogres
  10 deep troll shamans
  2 deep troll earth magi
  A hell hog (Abyss:2)
  2 death yaks (Lair:2)
  3 orc high priests
  3 vampire magi
  14 naga sharpshooters
  8 thrashing horrors
  4 spriggan berserkers
  5 tengu warriors
  5 shock serpents
  3 soul eaters
  19 deep elf knights
  5 wretched stars
  4 sun demons
  6 hell knights
  4 salamander mystics
  A fire crab (shapeshifter) (D:15)
  2 death drakes (shapeshifter)
  6 skeletal warriors
  7 iron trolls
  2 flayed ghosts
  A shadow wraith (Vaults:4)
  3 sixfirhies
  22 deep trolls
  16 large abominations
  2 spriggan druids (Zig:10)
  9 glowing orange brains
  An unseen horror (shapeshifter) (Zig:11)
  10 naga ritualists
  An infernal demonspawn (Zot:2)
  29 starcursed masses
  3 spatial maelstroms
  5 unseen horrors
  A swamp dragon (shapeshifter) (Elf:3)
  9 sea snakes
  A lindwurm (shapeshifter) (Depths:2)
  5 swamp dragons
  A tengu zombie (Zig:7)
  A lindwurm (Lair:6)
  3 obsidian statues (Zig:6)
  3 wolf spider zombies
  5 phantasmal warriors
  11 orc knights
  9 wizards
  2 anaconda skeletons (Abyss:4)
  12 harpies
  21 deep elf archers
  61 deep elf magi
  15 ironbrand convokers
  A harpy (shapeshifter) (Vaults:1)
  7 mana vipers
  A manticore (shapeshifter) (Vaults:4)
  6 necromancers
  A mana viper (shapeshifter) (Vaults:3)
  3 wolf spiders
  An orb spider (shapeshifter) (Elf:2)
  3 shining eyes
  A fire giant zombie (Depths:2)
  6 orc sorcerers
  3 draconians (Abyss:5)
  7 cyclopes
  11 manticores
  5 worldbinders
  39 ugly things
  9 salamanders
  A wolf spider (shapeshifter) (Zig:9)
  A frost giant zombie (Depths:2)
  12 fauns
  27 moths of wrath
  A salamander (shapeshifter) (Vaults:4)
  7 elephants
  2 ice statues
  2 rust devils (Zig:7)
  2 eyes of devastation
  3 apocalypse crabs
  27 naga magi
  A water nymph (shapeshifter) (Vaults:5)
  25 black mambas
  A guardian serpent (shapeshifter) (Depths:1)
  3 guardian serpents
  8 water nymphs
  14 merfolk sirens
  An eye of devastation (shapeshifter) (Vaults:5)
  9 smoke demons
  A stone giant skeleton (Depths:2)
  2 gargoyles
  4 orange demons
  3 molten gargoyles (Lair:6)
  7 vault sentinels
  3 hellions
  Psyche (D:12)
  2 spiny frogs (shapeshifter)
  5 spiny frogs
  10 freezing wraiths
  2 torpor snails
  37 yaktaurs
  6 kobold demonologists
  A rime drake (Lair:3)
  4 efreet
  7 ice devils
  A tormentor (Zig:7)
  3 anaconda simulacra (IceCv)
  10 komodo dragons
  A yaktaur (shapeshifter) (Depths:5)
  3 hellwings
  2 golden dragon simulacra (IceCv)
  12 trolls
  A troll (shapeshifter) (Vaults:1)
  A meliai (shapeshifter) (Depths:5)
  8 ancient zymes
  4 meliai (D:14)
  36 merfolk
  2 red devils
  A wind drake (shapeshifter) (Vaults:4)
  A hydra zombie (Abyss:2)
  A spriggan zombie (Depths:2)
  29 blink frogs
  12 hornets
  6 wind drakes
  An iron dragon simulacrum (Depths:2)
  3 bog bodies (Zig:10)
  A raiju (shapeshifter) (Depths:3)
  91 slime creatures
  22 raiju
  16 hippogriffs
  10 dream sheep
  A redback (shapeshifter) (Vaults:5)
  6 snapping turtles
  2 dire elephant simulacra (IceCv)
  2 air elementals
  7 spriggans
  11 ynoxinuls
  3 redbacks
  5 wyverns
  Sigmund (D:2)
  3 vampires
  A hog (shapeshifter) (D:15)
  19 water elementals
  2 wyverns (shapeshifter) (Vaults:1)
  23 fire elementals
  A hog (Lair:5)
  5 golden eyes (Abyss:3)
  A golden eye (shapeshifter) (Vaults:3)
  7 wraiths
  4 chaos spawn
  44 yaks
  A human (shapeshifter) (Vaults:2)
  A fire bat (shapeshifter) (Vaults:1)
  7 basilisks
  A death yak simulacrum (IceCv)
  A steam dragon (Lair:6)
  A vampire mosquito (Zig:10)
  3 neqoxecs
  3 hungry ghosts
  4 spatial vortices
  4 wargs
  A naga (shapeshifter) (Vaults:1)
  2 iron troll simulacra (IceCv)
  59 nagas
  2 soldier ants
  A swamp worm (shapeshifter) (Depths:5)
  7 harpy simulacra (IceCv)
  2 acid dragons
  A soldier ant (shapeshifter) (Vaults:1)
  12 hell hounds
  8 porcupines
  13 water moccasins
  A porcupine (shapeshifter) (Vaults:1)
  3 floating eyes
  3 hydra simulacra (IceCv)
  15 small abominations
  An eye of draining (shapeshifter) (Elf:1)
  6 ice beasts
  48 orc warriors
  3 sky beasts
  6 black bears
  9 eyes of draining
  3 swamp drakes
  A tengu (shapeshifter) (Vaults:1)
  8 phantoms
  10 boggarts
  A fire dragon simulacrum (Abyss:3)
  4 wolves (Lair:3)
  49 ogres
  18 centaurs
  A necrophage (D:10)
  9 crocodiles
  29 big kobolds
  2 earth elementals (Elf:1)
  Blork the orc (D:4)
  18 bullfrogs
  A wyvern zombie (D:9)
  4 gnoll sergeants (D:12)
  A wyvern skeleton (D:14)
  5 scorpions
  10 killer bees
  An elephant simulacrum (IceCv)
  3 wights (D:11)
  2 human simulacra
  7 howler monkeys
  3 lava snakes (Lair:6)
  4 crimson imps
  5 centaur zombies
  2 draconian simulacra (IceCv)
  A quasit (Abyss:2)
  4 bullfrog zombies
  A jelly (shapeshifter) (Vaults:1)
  7 hounds
  5 jellies
  A bullfrog skeleton (D:12)
  25 orc priests
  Crazy Yiuf (D:2)
  2 iron imps
  3 centaur skeletons
  An iguana (shapeshifter) (Depths:5)
  8 worker ants
  Terence (D:2)
  3 iguanas
  34 orc wizards
  A polar bear simulacrum (IceCv)
  5 troll simulacra (IceCv)
  2 spriggan simulacra (IceCv)
  3 centaur simulacra (IceCv)
  2 worker ant zombies (D:5)
  5 gnolls (D:12)
  4 naga simulacra (IceCv)
  9 adders
  3 ogre simulacra (IceCv)
  2 river rats (D:5)
  A tengu simulacrum (Abyss:2)
  4 shadow imps
  7 white imps
  2 ufetubi (IceCv)
  4 oozes
  An adder skeleton (D:6)
  4 worms
  A dart slug (D:1)
  3 leopard geckos
  90 orcs
  A ball python (shapeshifter) (Depths:5)
  10 giant cockroaches
  9 goblins
  10 hobgoblins
  9 jackals
  3 quokkas
  6 ball pythons
  7 bats
  2 frilled lizards
  30 kobolds
  A leopard gecko zombie (D:8)
  A quokka skeleton (D:7)
  14 rats
  A fungus (Lair:5)
  4 plants
  3 starspawn tentacles
2689 creatures vanquished.

Vanquished Creatures (collateral kills)
  A pandemonium lord (Depths:5)
  A golden dragon (Vaults:5)
  An Orb Guardian (Zot:5)
  A titan (Vaults:5)
  An acid blob (Slime:5)
  A tengu reaver (Vaults:5)
  An eldritch tentacle (Depths:5)
  A fire giant (Vaults:5)
  An ironheart preserver (Vaults:5)
  A deep elf elementalist (Vaults:5)
  A war gargoyle (Vaults:5)
  2 very ugly things (Vaults:5)
  An ettin (Vaults:5)
  2 ogre magi (Vaults:5)
  3 yaktaur captains (Vaults:5)
  A great orb of eyes (shapeshifter) (Vaults:5)
  4 two-headed ogres (Vaults:5)
  2 dancing weapons (Vaults:5)
  A shock serpent (shapeshifter) (Vaults:5)
  A flayed ghost (Vaults:5)
  A deep elf mage (Vaults:5)
  A water nymph (Shoals:3)
  A hellion (Zig:11)
  A tormentor (Depths:5)
32 creatures vanquished.

Vanquished Creatures (others)
  An ancient lich (Zot:5)
  A Killer Klown (Zot:5)
  A curse toe (Zot:5)
  A golden dragon (Zot:5)
  A tentacled monstrosity (Vaults:5)
  8 Orb Guardians (Zot:5)
  An electric golem (Zot:5)
  A sphinx (Vaults:5)
  A death cob (Zot:5)
  A storm dragon (Zot:5)
  A shadow dragon (Zot:5)
  A vault warden (Vaults:5)
  A draconian stormcaller (Zot:5)
  2 stone giants (Vaults:5)
  A war gargoyle (Vaults:5)
  A green draconian (Zot:5)
  2 purple draconians (Zot:5)
  A red draconian (Zot:5)
  A yellow draconian (Zot:5)
  A blizzard demon (IceCv)
  A deep elf death mage (Vaults:5)
  An ettin (Vaults:5)
  A yaktaur captain (Vaults:5)
  2 two-headed ogres (Vaults:5)
  26 dancing weapons
  A soul eater (Zot:5)
  A deep elf mage (Elf:1)
  A vault sentinel (Vaults:5)
  A yaktaur (Vaults:5)
  A wyvern (Lair:6)
  A golden eye (Abyss:5)
  A jackal skeleton (D:4)
  A bush (Lair:5)
  13 fungi
  64 plants
  8 starspawn tentacles
  4 tentacles (Shoals:1)
157 creatures vanquished.

Grand Total: 2878 creatures vanquished

Notes
Turn   | Place    | Note
-------+----------+-------------------------------------------
     0 | D:1      | KapersCrawl the Centaur Hunter began the quest for the Orb.
     0 | D:1      | Reached XP level 1. HP: 17/17 MP: 1/1
   208 | D:1      | Reached XP level 2. HP: 17/24 MP: 2/2
   938 | D:1      | Reached XP level 3. HP: 29/29 MP: 3/3
  1328 | D:2      | Found a deep blue altar of Sif Muna.
  1377 | D:2      | Noticed Sigmund
  1809 | D:2      | Noticed Terence
  1828 | D:2      | Killed Terence
  1828 | D:2      | Reached XP level 4. HP: 28/37 MP: 4/4
  2671 | D:3      | Reached XP level 5. HP: 33/42 MP: 5/5
  3304 | D:4      | Noticed Blork the orc
  3312 | D:4      | Killed Blork the orc
  3412 | D:4      | Found Ranotodd's Jewellery Shoppe.
  3623 | D:4      | Noticed an ogre
  3627 | D:4      | Killed an ogre
  3627 | D:4      | Reached XP level 6. HP: 51/51 MP: 6/6
  3841 | D:4      | Found Maufalur's Distillery.
  3849 | D:4      | Bought a potion of heal wounds for 60 gold pieces
  4614 | D:4      | Found a staircase to the Ecumenical Temple.
  4623 | Temple   | Entered the Ecumenical Temple
  4636 | Temple   | Became a worshipper of Gozag Ym Sagoz the Greedy
  4776 | D:4      | Found an ornate altar of the Wu Jian Council.
  4838 | D:5      | Entered Level 5 of the Dungeon
  4838 | D:5      | Noticed an ice beast
  4909 | D:5      | Reached skill level 10 in Bows
  4909 | D:5      | Reached XP level 7. HP: 53/58 MP: 7/7
  5201 | D:5      | Got a jewelled chain mail
  5352 | D:5      | Identified the cursed +1 chain mail of the Gusle {rF+
                  | Regen+} (You found it on level 5 of the Dungeon)
  5679 | D:5      | Found a glowing drain.
  5684 | Sewer    | Entered a sewer
  6259 | D:5      | Reached XP level 8. HP: 62/67 MP: 8/8
  6524 | D:6      | Reached skill level 5 in Fighting
  6555 | D:6      | Reached skill level 1 in Armour
  6588 | D:6      | Found a hazy altar of Hepliaklqana.
  6595 | D:6      | Found a shadowy altar of Dithmenos.
  6974 | D:6      | Found a basalt altar of Yredelemnul.
  6979 | D:6      | Found an ancient bone altar of Kikubaaqudgha.
  7019 | D:6      | Learned a level 1 spell: Animate Skeleton
  7170 | D:6      | Reached skill level 1 in Necromancy
  7213 | D:6      | Reached XP level 9. HP: 71/77 MP: 10/10
  7386 | D:6      | Found a glowing golden altar of the Shining One.
  8116 | D:8      | Noticed Harold
  9353 | D:7      | Reached XP level 10. HP: 89/90 MP: 11/11
 10108 | D:4      | Bought an uncursed ring of poison resistance for 260 gold
                  | pieces
 10150 | D:2      | Killed Sigmund
 10244 | D:2      | Found a runed translucent door.
 10245 | D:2      | Noticed Crazy Yiuf
 10261 | D:2      | Killed Crazy Yiuf
 10515 | D:8      | Got an encrusted plate armour
 10737 | D:8      | Killed Harold
 11263 | D:8      | Reached skill level 10 in Fighting
 11767 | D:8      | Reached skill level 5 in Armour
 12416 | D:10     | Entered Level 10 of the Dungeon
 12432 | D:10     | Identified the +8 plate armour "Udghoeh" {rPois} (You found
                  | it on level 8 of the Dungeon)
 12465 | D:10     | Noticed Fannar
 12618 | D:10     | Noticed a two-headed ogre
 12626 | D:10     | Reached XP level 11. HP: 99/101 MP: 12/12
 12814 | D:10     | Bought the +3 longbow "Huestroem" {velocity, *Contam rN+
                  | MP+9 Str+6} for 882 gold pieces
 12875 | D:10     | Got a translucent plate armour
 12876 | D:10     | Identified the +8 plate armour of Sin {MP+9 Slay+5} (You
                  | found it on level 10 of the Dungeon)
 12890 | D:10     | Noticed a two-headed ogre
 12902 | D:10     | Killed a two-headed ogre
 12982 | D:10     | Killed a two-headed ogre
 13187 | D:10     | Killed Fannar
 13242 | D:10     | Killed an unseen horror
 13640 | D:10     | Noticed a two-headed ogre
 13643 | D:10     | Killed a two-headed ogre
 13661 | D:10     | Noticed a centaur warrior
 13665 | D:10     | Killed a centaur warrior
 14915 | D:11     | Reached XP level 12. HP: 113/113 MP: 13/13
 15105 | D:11     | Found a staircase to the Lair.
 15110 | Lair:1   | Entered Level 1 of the Lair of Beasts
 15396 | Lair:1   | Found a radiant altar of Vehumet.
 15942 | Lair:2   | Found a staircase to the Snake Pit.
 16010 | Lair:2   | Reached skill level 5 in Necromancy
 16013 | Lair:2   | Noticed a six-headed hydra
 16013 | Lair:2   | Noticed a four-headed hydra
 16018 | Lair:2   | Killed a six-headed hydra
 16025 | Lair:2   | Killed a four-headed hydra
 16034 | Lair:2   | Noticed a death yak
 16036 | Lair:2   | Noticed a death yak
 16046 | Lair:2   | Killed a death yak
 16062 | Lair:2   | Killed a death yak
 16216 | Lair:2   | Reached skill level 15 in Bows
 16785 | Lair:3   | Reached XP level 13. HP: 119/119 MP: 14/14
 17706 | Lair:4   | You fall through a shaft!
 17891 | Lair:5   | Noticed Kirke
 17971 | Lair:5   | Killed Kirke
 19059 | Lair:4   | Found a staircase to the Shoals.
 19218 | Lair:4   | Noticed Josephine
 19240 | Lair:4   | Killed Josephine
 19791 | Lair:6   | Entered Level 6 of the Lair of Beasts
 19835 | Lair:5   | Reached XP level 14. HP: 127/127 MP: 15/15
 19965 | Lair:6   | Bought the ring "Sujun" {+Inv rF+ rN+ Slay+3 Stlth-} for
                  | 816 gold pieces
 19965 | Lair:6   | Bought the amulet "Duur" {Gourm rElec Int+4 Slay+4} for
                  | 1038 gold pieces
 20151 | Lair:6   | Found a viscous altar of Jiyva.
 20151 | Lair:6   | Found a staircase to the Slime Pits.
 20541 | Lair:6   | Found a large runed translucent door.
 20542 | Lair:6   | Found a large runed translucent door.
 21272 | D:12     | Found a staircase to the Orcish Mines.
 21661 | D:12     | Noticed Psyche
 21665 | D:12     | Killed Psyche
 21837 | D:12     | Paralysed by a hornet for 2 turns
 22554 | D:13     | Found a portal to a secret trove of treasure.
 22828 | D:13     | Found a blossoming altar of Fedhas.
 23345 | D:14     | Found a gate to the Vaults.
 23345 | D:14     | Noticed an ironheart preserver
 23526 | Orc:1    | Entered Level 1 of the Orcish Mines
 23541 | Orc:1    | Found Estis's Gadget Emporium.
 23559 | Orc:1    | Found Hefua's Armour Shoppe.
 23563 | Orc:1    | Found Rul Tim's Gadget Shoppe.
 23776 | Orc:1    | Found Woip's Armour Boutique.
 23817 | Orc:1    | Found a bloodstained altar of Trog.
 24025 | Orc:2    | Entered Level 2 of the Orcish Mines
 24025 | Orc:2    | Found Tenohin's Antique Armour Boutique.
 24025 | Orc:2    | Noticed Saint Roka
 24060 | Orc:2    | Noticed an orc warlord
 24068 | Orc:2    | Killed an orc warlord
 24068 | Orc:2    | Reached XP level 15. HP: 137/137 MP: 16/16
 24190 | Orc:2    | Found Weteppew's General Store.
 24630 | Orc:2    | Found Gepp's Antique Weapon Emporium.
 24820 | Orc:2    | Killed Saint Roka
 25183 | Orc:2    | Found Laodenen's Jewellery Shoppe.
 25320 | Orc:2    | Found a staircase to the Elven Halls.
 25522 | Orc:2    | Bought a potion of heal wounds for 100 gold pieces
 25522 | Orc:2    | Bought a potion of curing for 60 gold pieces
 25522 | Orc:2    | Bought a potion of heal wounds for 100 gold pieces
 25522 | Orc:2    | Bought a potion of heal wounds for 100 gold pieces
 25522 | Orc:2    | Bought a potion of haste for 200 gold pieces
 25522 | Orc:2    | Bought a potion of curing for 60 gold pieces
 25522 | Orc:2    | Bought a potion of curing for 60 gold pieces
 25686 | D:14     | Learned a level 3 spell: Portal Projectile
 25690 | D:14     | Learned a level 3 spell: Regeneration
 26325 | D:15     | Entered Level 15 of the Dungeon
 26336 | D:15     | Reached skill level 1 in Hexes
 26336 | D:15     | Reached skill level 1 in Translocations
 26636 | D:15     | Noticed an azure jelly
 26722 | D:15     | Found a staircase to the Depths.
 27094 | D:7      | Bought a potion of resistance for 200 gold pieces
 27184 | D:4      | Bought an uncursed ring of protection from magic for 325
                  | gold pieces
 27436 | Shoals:1 | Entered Level 1 of the Shoals
 28004 | Shoals:1 | Noticed a kraken
 28021 | Shoals:1 | Reached skill level 15 in Fighting
 28145 | Shoals:1 | Reached skill level 10 in Armour
 28261 | Shoals:2 | Reached XP level 16. HP: 125/149 MP: 17/17
 28278 | Shoals:2 | Got an ancient helmet
 28284 | Shoals:2 | Identified the +2 helmet of Heresy {rElec} (You found it on
                  | level 2 of the Shoals)
 28392 | Shoals:2 | Identified a scroll of acquirement
 28779 | Shoals:2 | Learned a level 1 spell: Summon Small Mammal
 29332 | Shoals:3 | Identified the +1 large shield of Evolution {rElec rF++
                  | Dex+2 SInv}
 30321 | Shoals:3 | Noticed Mara
 30327 | Shoals:3 | Noticed KapersCrawl's illusion
 30621 | Snake:1  | Entered Level 1 of the Snake Pit
 30735 | Snake:1  | Found a frozen archway.
 30750 | IceCv    | Entered an ice cave
 31942 | Snake:1  | Reached skill level 5 in Translocations
 32995 | Snake:2  | Noticed Aizul
 33006 | Snake:2  | Killed Aizul
 33291 | Snake:2  | Reached XP level 17. HP: 154/158 MP: 18/18
 34937 | Snake:3  | Noticed Azrael
 34959 | Snake:3  | Killed Azrael
 35410 | Snake:4  | Entered Level 4 of the Snake Pit
 35458 | Snake:4  | Found Fynn's Antique Armour Emporium.
 35503 | Snake:4  | Learned a level 6 spell: Deflect Missiles
 35523 | Snake:4  | Bought a pair of embroidered gloves for 262 gold pieces
 36290 | Snake:4  | Reached XP level 18. HP: 160/171 MP: 19/19
 36480 | Snake:4  | Got a serpentine rune of Zot
 36795 | Shoals:3 | Noticed Ilsuiw
 36808 | Shoals:3 | Killed Ilsuiw
 37273 | Shoals:3 | Killed Mara
 37552 | Shoals:4 | Entered Level 4 of the Shoals
 38054 | Shoals:4 | Identified Witchery Continued
 38812 | Shoals:4 | Got a barnacled rune of Zot
 39095 | Shoals:4 | Found Witauly's Weapon Shop.
 39109 | Shoals:4 | Found a glowing silver altar of Zin.
 39839 | Vaults:1 | Entered Level 1 of the Vaults
 40658 | Vaults:1 | Found a runed translucent gate.
 40658 | Vaults:1 | Found a runed translucent gate.
 40658 | Vaults:1 | Found a runed translucent gate.
 40658 | Vaults:1 | Noticed a tentacled monstrosity
 40658 | Vaults:1 | Noticed a tentacled monstrosity
 40660 | Vaults:1 | Noticed a tentacled monstrosity
 40880 | Vaults:1 | Reached XP level 19. HP: 172/183 MP: 20/20
 42035 | Vaults:2 | Found Poli's Assorted Antiques.
 42059 | Vaults:2 | Bought a wand of iceblast (11) for 100 gold pieces
 42059 | Vaults:2 | Bought a potion of invisibility for 200 gold pieces
 42059 | Vaults:2 | Bought a potion of resistance for 250 gold pieces
 42498 | Vaults:2 | Got a bound steel amulet
 43460 | Vaults:3 | Noticed Donald
 43490 | Vaults:2 | Killed Donald
 44171 | Vaults:3 | Reached skill level 27 in Bows
 44758 | Vaults:3 | Found Bewekk's Armour Emporium.
 44766 | Vaults:3 | Bought a +2 pair of gloves of archery for 301 gold pieces
 44831 | Vaults:3 | Cast into level 2 of the Abyss (a wizard)
 44833 | Abyss:2  | Found a corrupted altar of Lugonu.
 44856 | Abyss:2  | Reached XP level 20. HP: 184/195 MP: 21/21
 44894 | Abyss:2  | Found a deep blue altar of Sif Muna.
 45147 | Vaults:3 | Escaped the Abyss
 45930 | Vaults:3 | Found a staircase to the Crypt.
 46108 | Vaults:4 | Bought the amulet of the Four Winds {rN+ MR+++ Clar} for
                  | 702 gold pieces
 46108 | Vaults:4 | Found the amulet of the Four Winds {rN+ MR+++ Clar}
 46408 | Vaults:4 | Found Anomefy's Armour Shoppe.
 46918 | Vaults:4 | Found a runed translucent gate.
 46919 | Vaults:4 | Found a runed translucent gate.
 46919 | Vaults:4 | Noticed D1HalberdGnoll's ghost (adept GrFi)
 46923 | Vaults:4 | Found a runed translucent gate.
 47426 | Vaults:4 | Killed D1HalberdGnoll's ghost
 47801 | Elf:1    | Entered Level 1 of the Elven Halls
 48243 | Elf:1    | Found Gofahaebirr's Weapon Emporium.
 48310 | Elf:1    | Found Mufam's Food Boutique.
 48311 | Elf:1    | Found Cuxelej's Assorted Antiques.
 48322 | Elf:1    | Bought a scroll of teleportation for 93 gold pieces
 48322 | Elf:1    | Bought a scroll of identify for 62 gold pieces
 48322 | Elf:1    | Bought a scroll of fear for 108 gold pieces
 48322 | Elf:1    | Identified the amulet of Ciebbuch {Inacc Str+5 Int+2} (You
                  | found it on level 2 of the Vaults)
 48324 | Elf:1    | Found Boninnir's Book Emporium.
 48762 | Elf:2    | Bought a scroll of fog for 24 gold pieces
 48762 | Elf:2    | Bought a scroll of acquirement for 624 gold pieces
 48764 | Elf:2    | Bought a scroll of identify for 24 gold pieces
 48808 | Elf:2    | Reached XP level 21. HP: 189/209 MP: 22/22
 48975 | Elf:2    | Found a runed translucent gate.
 48975 | Elf:2    | Found a runed translucent gate.
 48986 | Elf:2    | Found a runed translucent gate.
 49820 | Elf:3    | Entered Level 3 of the Elven Halls
 50305 | Elf:3    | Identified the +4 whip of the Depths {freeze, Stlth+}
 51180 | D:13     | You paid a toll of 15 scrolls of teleportation to enter a
                  | treasure trove
 51181 | Trove    | Entered a treasure trove
 51187 | Trove    | Found the +7 longbow "Piercer" {penet, EV-2}
 51195 | Trove    | Got a brightly glowing shortbow
 51216 | Trove    | Got an ichor-stained shortbow
 51230 | D:13     | Identified the +4 shortbow of Chagrin {freeze, *Corrode
                  | rElec rF- rN+++ MR+++} (You found it in a treasure trove)
 51231 | D:13     | Identified the +3 shortbow "Bineh" {velocity, rC- Int+2
                  | Dex+8} (You found it in a treasure trove)
 51296 | D:12     | Gained mutation: You are frail. (-10% HP) [mutagenic glow]
 52694 | Elf:3    | Identified the +4 mace "Xirchepn" {crush, Str+4}
 52760 | Elf:3    | Identified the +3 scimitar "Zoesuseg" {holy, *Corrode rN+
                  | Dex+6}
 53253 | Elf:3    | Identified the Reference Book on Destructive Boosts
 53258 | Elf:3    | Got a pair of polished gloves
 53259 | Elf:3    | Identified the +1 pair of gloves of Feasting {MR- Regen+
                  | Str+5} (You found it on level 3 of the Elven Halls)
 53272 | Elf:3    | Identified the Grimoire of Creative Evil
 53660 | Elf:3    | Found a gateway to a bazaar.
 53845 | Bazaar   | Entered a bazaar
 53862 | Bazaar   | Found Lonuru's Weapon Shoppe.
 53877 | Bazaar   | Found Pegy's Armour Emporium.
 53877 | Bazaar   | Found Zaot's Distillery.
 53898 | Bazaar   | Found Usotatec's Book Emporium.
 53898 | Bazaar   | Found Ilyrrunu's Jewellery Shoppe.
 53919 | Bazaar   | Found Ykokh's Book Emporium.
 53919 | Bazaar   | Found Poggiuhe's Jewellery Shoppe.
 53985 | Bazaar   | Bought a potion of heal wounds for 70 gold pieces
 53985 | Bazaar   | Bought a potion of resistance for 140 gold pieces
 53999 | Bazaar   | Bought the ring "Vusuaset" {rElec rPois rF+ rC+ SInv} for
                  | 598 gold pieces
 54606 | Vaults:1 | Found a runed translucent gate.
 54606 | Vaults:1 | Found a runed translucent gate.
 54610 | Vaults:1 | Noticed Dacon's ghost (adept MiGl)
 54614 | Vaults:1 | Found a runed translucent gate.
 54725 | Vaults:1 | Gained mutation: Your spells are a little easier to cast,
                  | but a little less powerful. [a cacodemon]
 54789 | Vaults:1 | Killed Dacon's ghost
 54789 | Vaults:1 | Reached XP level 22. HP: 179/201 MP: 23/23
 54878 | Vaults:1 | Reached skill level 5 in Dodging
 54878 | Vaults:1 | Reached XP level 23. HP: 208/208 MP: 24/24
 54880 | Vaults:1 | Got a distressingly furry cloak
 54882 | Vaults:1 | Identified the +1 cloak of Honour {-Cast rElec MR++ Str-5}
                  | (You found it on level 1 of the Vaults)
 55178 | Slime:1  | Entered Level 1 of the Pits of Slime
 55275 | Slime:1  | Reached skill level 5 in Hexes
 55313 | Slime:1  | Paralysed by a great orb of eyes for 7 turns
 55854 | Slime:2  | Found a shimmering altar of Xom.
 55981 | Slime:2  | Reached skill level 1 in Charms
 56499 | Slime:3  | Paralysed by a great orb of eyes for 5 turns
 57979 | Slime:5  | Entered Level 5 of the Pits of Slime
 58011 | Slime:5  | Found a viscous altar of Jiyva.
 58011 | Slime:5  | Noticed the Royal Jelly
 58011 | Slime:5  | Gained mutation: You are clumsy. (Dex -2) [a shining eye]
 58374 | Depths:1 | Entered Level 1 of the Depths
 58374 | Depths:1 | Found a one-way gate to the infinite horrors of the Abyss.
 58992 | Depths:1 | Found a gateway to Hell.
 59673 | Depths:1 | Found a shimmering altar of Xom.
 60880 | Depths:2 | Noticed a juggernaut
 60895 | Depths:2 | Killed a juggernaut
 60921 | Depths:2 | Reached skill level 5 in Charms
 60921 | Depths:2 | Reached XP level 24. HP: 160/220 MP: 24/24
 61211 | Depths:3 | Found a runed translucent door.
 61211 | Depths:3 | Noticed P0WERM0DE's ghost (veteran GrFi)
 61404 | Depths:3 | Found a one-way gate leading to the halls of Pandemonium.
 62579 | Depths:3 | Reached skill level 27 in Fighting
 62591 | Depths:3 | Reached skill level 1 in Unarmed Combat
 62593 | Depths:3 | Reached skill level 1 in Air Magic
 62626 | Depths:3 | Found a gateway to a ziggurat.
 63053 | Depths:3 | Bought 2 scrolls of teleportation for 114 gold pieces
 63053 | Depths:3 | Bought a scroll of blinking for 142 gold pieces
 63091 | Depths:3 | Killed P0WERM0DE's ghost
 63234 | Depths:3 | Got a smoking golden ring
 63237 | Depths:3 | Identified the ring of Descent {rPois Str+6 Int-4 SInv}
                  | (You found it on level 3 of the Depths)
 64452 | Depths:4 | Reached skill level 5 in Unarmed Combat
 64614 | Depths:4 | Reached skill level 5 in Air Magic
 65331 | Depths:5 | Entered Level 5 of the Depths
 65446 | Depths:5 | Noticed a juggernaut
 65459 | Depths:5 | Killed a juggernaut
 65459 | Depths:5 | Reached XP level 25. HP: 202/229 MP: 24/24
 66657 | Depths:5 | Found a gate to the Realm of Zot.
 66938 | Depths:3 | Bought a scroll of enchant armour for 142 gold pieces
 68156 | Depths:5 | Noticed Jory
 68164 | Depths:5 | Killed Jory
 69741 | Vaults:5 | Entered Level 5 of the Vaults
 70386 | Vaults:5 | Identified the ring of the Cast Vote {*Slow rElec rC+ EV+2}
 71132 | Vaults:5 | Got a silver rune of Zot
 71751 | Vaults:5 | Got a fine helmet
 71752 | Vaults:5 | Identified the +1 helmet of Pisuimeu {rPois rC+ Int+2
                  | Dex-5} (You found it on level 5 of the Vaults)
 71755 | Vaults:5 | Got a scorched golden ring
 71763 | Vaults:5 | Got a wavering silver ring
 71764 | Vaults:5 | Identified the ring of Mistrust {MR- Str+3 Dex+4 SInv} (You
                  | found it on level 5 of the Vaults)
 71765 | Vaults:5 | Identified the ring "Xidisug" {*Contam rN+ MR+ Int+4 Dex+5}
                  | (You found it on level 5 of the Vaults)
 72211 | Vaults:5 | Reached XP level 26. HP: 222/237 MP: 24/24
 72378 | Vaults:3 | Bought an uncursed ring of resist corrosion for 260 gold
                  | pieces
 72780 | Zig:1    | Entered Level 1 of a ziggurat
 72780 | Zig:1    | Noticed Ator Nawo the pandemonium lord
 72805 | Zig:1    | Killed Ator Nawo the pandemonium lord
 72837 | Zig:1    | Got an ancient ring mail
 72951 | Zig:2    | Entered Level 2 of a ziggurat
 72993 | Zig:3    | Entered Level 3 of a ziggurat
 73126 | Zig:4    | Entered Level 4 of a ziggurat
 73292 | Zig:5    | Entered Level 5 of a ziggurat
 73400 | Zig:5    | Got a translucent longbow
 73403 | Zig:5    | Identified the cursed +2 longbow "Paiwkow" {freeze, Dex+4}
                  | (You found it on level 5 of a ziggurat)
 73409 | Zig:6    | Entered Level 6 of a ziggurat
 73438 | Zig:6    | Noticed a juggernaut
 73470 | Zig:6    | Killed a juggernaut
 73470 | Zig:6    | Reached skill level 15 in Armour
 73637 | Zig:7    | Entered Level 7 of a ziggurat
 73687 | Zig:7    | Identified the Catalogue of Fiery Weightlessness
 73714 | Zig:8    | Entered Level 8 of a ziggurat
 73794 | Zig:8    | Paralysed by accursed screaming for 1 turns
 74211 | Zig:9    | Entered Level 9 of a ziggurat
 74386 | Zig:9    | Identified the Grimoire of Contamination
 74442 | Zig:9    | Got crude fire dragon scales
 74446 | Zig:9    | Got a scorched wooden ring
 74448 | Zig:9    | Identified the ring of Ujyilur {rN+ MR+ Dex+3 Stlth+} (You
                  | found it on level 9 of a ziggurat)
 74449 | Zig:9    | Identified the +8 fire dragon scales of Amelioration
                  | {+Blink rF++ rC- Slay+3} (You found it on level 9 of a
                  | ziggurat)
 74481 | Zig:10   | Entered Level 10 of a ziggurat
 74629 | Zig:11   | Entered Level 11 of a ziggurat
 75158 | Zig:11   | Identified Sif Muna's Reference Book on Excruciating
                  | Poisoning
 75168 | Zig:11   | Lost mutation: You are clumsy. (Dex -2) [potion of
                  | mutation]
 75168 | Zig:11   | Lost mutation: You are frail. (-10% HP) [potion of
                  | mutation]
 75168 | Zig:11   | Gained mutation: You have a pair of small antennae on your
                  | head. [potion of mutation]
 75168 | Zig:11   | Gained mutation: You can translocate small distances at
                  | will. [potion of mutation]
 75169 | Zig:11   | Lost mutation: Your spells are a little easier to cast, but
                  | a little less powerful. [potion of mutation]
 75169 | Zig:11   | Lost mutation: You have a pair of small antennae on your
                  | head. [potion of mutation]
 75169 | Zig:11   | Gained mutation: You are robust. (+10% HP) [potion of
                  | mutation]
 75354 | Zig:11   | Got a scorched plate armour
 75355 | Zig:11   | Identified the +12 plate armour of Prudence {-Cast Regen+
                  | Dex+2} (You found it on level 11 of a ziggurat)
 76213 | Slime:5  | Killed the Royal Jelly
 76382 | Slime:5  | Identified the Volume of Supportive Confrontation
 76432 | Slime:5  | Got a slimy rune of Zot
 76865 | Slime:5  | Got an ancient wooden ring
 76866 | Slime:5  | Identified the ring of Arrival {rElec Int-4 Dex+3 Stlth+}
                  | (You found it on level 5 of the Pits of Slime)
 77217 | Depths:1 | Voluntarily entered the Abyss.
 77282 | Abyss:2  | Found a corrupted altar of Lugonu.
 77765 | Abyss:3  | Found a corrupted altar of Lugonu.
 78157 | Abyss:3  | Reached XP level 27. HP: 242/300 MP: 24/24
 78464 | Abyss:5  | Entered Level 5 of the Abyss
 78464 | Abyss:5  | Entered Level 5 of the Abyss
 78464 | Abyss:5  | Entered Level 5 of the Abyss
 78464 | Abyss:5  | Found a transporter.
 78575 | Abyss:5  | Got an abyssal rune of Zot
 78713 | Abyss:5  | Found a transporter.
 78732 | Abyss:5  | Found a transporter.
 78754 | Depths:1 | Escaped the Abyss
 78850 | Depths:1 | Bought a scroll of fear for 59 gold pieces
 78850 | Depths:1 | Bought a potion of heal wounds for 85 gold pieces
 78850 | Depths:1 | Bought a potion of curing for 51 gold pieces
 79075 | Zot:1    | Entered Level 1 of the Realm of Zot
 79829 | Zot:1    | Reached skill level 10 in Dodging
 80432 | Zot:1    | Found the +3 giant club "Skullcrusher" {speed, Str+7}
 82774 | Zot:3    | Noticed an orb of fire
 82778 | Zot:3    | Gained mutation: Your magical capacity is low. (-10% MP)
                  | [an orb of fire]
 82784 | Zot:3    | Killed an orb of fire
 83877 | Zot:3    | Noticed an orb of fire
 83886 | Zot:3    | Gained mutation: You occasionally shout uncontrollably at
                  | your foes. [an orb of fire]
 83887 | Zot:3    | Gained mutation: You are dopey. (Int -2) [an orb of fire]
 83891 | Zot:3    | Killed an orb of fire
 85596 | Zot:5    | Entered Level 5 of the Realm of Zot
 85901 | Zot:5    | Noticed an ancient lich
 85927 | Zot:5    | Killed an ancient lich
 85942 | Zot:5    | Noticed an orb of fire
 85946 | Zot:5    | Killed an orb of fire
 85946 | Zot:5    | Noticed an orb of fire
 85950 | Zot:5    | Noticed an orb of fire
 85950 | Zot:5    | Identified the +4 dragonskin cloak
 85950 | Zot:5    | Noticed Tiamat
 86885 | Zot:5    | Killed an orb of fire
 87067 | Zot:5    | Noticed an orb of fire
 87079 | Zot:5    | Gained mutation: You do not regenerate when monsters are
                  | visible. [an orb of fire]
 87080 | Zot:5    | Killed an orb of fire
 87082 | Zot:5    | Noticed an orb of fire
 87086 | Zot:5    | Gained mutation: You are clumsy. (Dex -2) [an orb of fire]
 87087 | Zot:5    | Gained mutation: Your spells are a little easier to cast,
                  | but a little less powerful. [an orb of fire]
 87089 | Zot:5    | Killed an orb of fire
 87156 | Zot:5    | Noticed an orb of fire
 87165 | Zot:5    | Killed an orb of fire
 87240 | Zot:5    | Killed an orb of fire
 87282 | Zot:5    | Noticed an ancient lich
 87299 | Zot:5    | Killed an ancient lich
 87953 | Zot:5    | Noticed an ancient lich
 87966 | Zot:5    | Killed an ancient lich
 87966 | Zot:5    | Noticed an orb of fire
 87973 | Zot:5    | Gained mutation: You are weak. (Str -2) [an orb of fire]
 87974 | Zot:5    | Gained mutation: Scrolls take you a little longer to read.
                  | [an orb of fire]
 87982 | Zot:5    | Lost mutation: You are robust. (+10% HP) [an orb of fire]
 87983 | Zot:5    | Killed an orb of fire
 88260 | Zot:5    | Killed Tiamat
 88759 | Zot:5    | Got the Orb of Zot
 88803 | Zot:4    | Noticed a seraph
 89464 | Depths:5 | Noticed Bisophax the pandemonium lord
 89506 | Depths:5 | Killed Bisophax the pandemonium lord
 89647 | Depths:5 | Noticed a seraph
 89647 | Depths:5 | Identified the +7 large shield of the Shoals {+Fly}
 90305 | D:1      | Noticed Uceebu the pandemonium lord
 90305 | D:1      | Noticed an ancient lich
 90330 | D:$      | Escaped with the Orb!

Skill      XL: |  1  2  3  4  5  6  7  8  9 10 11 12 13 14 15 16 17 18 19 20 21 22 23 24 25 26 27 |
---------------+----------------------------------------------------------------------------------+-----
Bows           | 6 7 8 10 11 12 15 18 20 22 23 24 26 27 | 27.0
Fighting       | 3 4 6 8 10 12 13 15 16 17 19 20 22 24 26 27 | 27.0
Armour         | 2 4 5 7 8 9 10 11 12 14 17 23 | 23.0
Dodging        | 2 3 5 7 9 12 | 12.6
Necromancy     | 1 4 5 7 8 |  8.0
Hexes          | 2 4 7 |  7.5
Translocations | 2 5 |  5.0
Charms         | 5 |  5.4
Unarmed Combat | 7 9 |  9.0
Air Magic      | 7 8 |  8.2
Slings         | |  0.8
Stealth        | |  0.4
Spellcasting   | |  0.9

Action                   |  1- 3 |  4- 6 |  7- 9 | 10-12 | 13-15 | 16-18 | 19-21 | 22-24 | 25-27 || total
-------------------------+-------+-------+-------+-------+-------+-------+-------+-------+-------++-------
Melee: Short sword       |    90 |     9 |   120 |    36 |       |       |       |       |       ||   255
       Kick              |    12 |     2 |    33 |    74 |     7 |       |     2 |     2 |     2 ||   134
       Shortbow          |       |     2 |     4 |       |       |       |       |       |       ||     6
       Dagger            |       |       |    43 |   235 |       |       |       |       |       ||   278
       Longbow           |       |       |       |     1 |    12 |       |     3 |     2 |     3 ||    21
 Fire: Shortbow          |    76 |   120 |   287 |   103 |       |       |       |       |       ||   586
       Hunting sling     |     3 |       |   186 |    58 |       |       |       |       |       ||   247
       Longbow           |       |       |       |   418 |  1189 |  1360 |  1329 |  1079 |  2409 ||  7784
Throw: Stone             |     4 |       |     1 |       |       |       |       |       |       ||     5
       Javelin           |       |     4 |    10 |     7 |       |       |       |       |       ||    21
Invok: Call Merchant     |       |       |       |     1 |     3 |     1 |     3 |     1 |     3 ||    12
       Bribe Branch      |       |       |       |       |       |       |       |       |     2 ||     2
       Potion Petition   |       |       |       |       |       |       |       |       |     3 ||     3
 Abil: Blink             |       |       |       |       |       |       |       |       |     7 ||     7
Evoke: Wand              |       |     2 |     8 |     5 |       |       |     1 |     4 |     8 ||    28
       Sack of spiders   |       |       |       |       |       |       |     3 |       |       ||     3
       Lamp of fire      |       |       |       |       |       |       |       |     2 |       ||     2
       Box of beasts     |       |       |       |       |       |       |       |     1 |     6 ||     7
       Phantom mirror    |       |       |       |       |       |       |       |       |     5 ||     5
       Fan of gales      |       |       |       |       |       |       |       |       |     1 ||     1
  Use: Scroll            |       |     4 |    12 |    11 |     7 |    12 |     8 |     3 |    26 ||    83
       Potion            |       |       |     6 |       |       |     3 |     3 |     2 |    20 ||    34
 Stab: Distracted        |       |       |     1 |     1 |       |       |       |       |       ||     2
  Eat: Chunk             |     2 |     6 |       |       |       |       |       |     8 |     5 ||    21
       Ration            |       |       |     4 |     5 |     8 |    10 |    11 |     4 |    18 ||    60
Armor: Leather armour    |    52 |       |       |       |       |       |       |       |       ||    52
       Ring mail         |       |     9 |       |       |       |       |       |       |       ||     9
       Chain mail        |       |     8 |   192 |   137 |       |       |       |       |       ||   337
       Plate armour      |       |       |       |   196 |   159 |   283 |   140 |    97 |   769 ||  1644
Dodge: Dodged            |    59 |    13 |    73 |    85 |    41 |    96 |    43 |    19 |   156 ||   585
Block: Other             |       |       |       |    41 |    10 |       |       |       |       ||    51
       Reflection        |       |       |       |     2 |       |       |       |       |       ||     2
